 Dungeon Crawl Stone Soup version 0.31-a0-995-g04711c9635 (webtiles) character file.

Game seed: 7683908409674033671

153 Pixllover the Shield-Bearer (level 5, -4/52 HPs)
             Began as a Troll Fighter on Nov 6, 2023.
             Killed by divine providence
             ... invoked by an orc priest
              (15 damage)
             ... on level 3 of the Dungeon.
             The game lasted 00:03:09 (1699 turns).

Pixllover the Shield-Bearer (Troll Fighter)         Turns: 1699, Time: 00:03:09

Health: -4/52      AC:  6    Str: 30    XL:     5   Next: 12%
Magic:  4/4        EV:  9    Int:  3    God:
Gold:   67         SH:  7    Dex:  8    Spells: 4/4 levels left

rFire   . . .        a - +0 war axe
rCold   . . .        c - +0 kite shield
rNeg    . . .        b - +0 robe
rPois   .            (helmet restricted)
rElec   .            (no cloak)
rCorr   .            (gloves unavailable)
SInv    .            (boots unavailable)
Will    .....        (no amulet)
Stlth   +            (no ring)
HPRegen 1.08/turn    (no ring)
MPRegen 0.09/turn

%: no passive effects
@: lethally poisoned (-4 -> -5)
A: large, unfitting armour, claws 3, regeneration 1, shaggy fur 1, tough skin 1,
iridescent scales 1, strong 1, inability to drink after injury 1
a: no special abilities


You were on level 3 of the Dungeon.
You visited 1 branch of the dungeon, and saw 3 of its levels.

You collected 117 gold pieces.
You spent 50 gold pieces at shops.

Inventory:

Hand Weapons
 a - a +0 war axe (weapon)
Armour
 b - a +0 robe (worn)
 c - a +0 kite shield (worn)
 i - the +1 robe of a bailey {rElec Will+ Str+6 Int-5}
   (You found it on level 2 of the Dungeon)

   Str+6:     It affects your strength (+6).
   Int-5:     It affects your intelligence (-5).
   rElec:     It insulates you from electricity.
   Will+:     It increases your willpower.
Scrolls
 e - 3 scrolls of identify {unknown}
 f - a scroll of enchant weapon {unknown}
 g - a scroll of vulnerability {unknown}
 k - a scroll of poison {unknown}
 l - 2 scrolls of fog {unknown}
 m - a scroll of teleportation {unknown}
Potions
 d - a potion of might
 h - 2 potions of heal wounds


   Skills:
 + Level 2.8 Fighting
 + Level 3.0 Axes
 + Level 3.1 Dodging
 + Level 0.1 Stealth
 + Level 3.4 Shields


You had 4 spell levels left.
You didn't know any spells.
Your spell library was empty.

Dungeon Overview and Level Annotations

Branches:
Dungeon (3/15)

Altars:

Shops:
D:2 !


Innate Abilities, Weirdness & Mutations

You are too large for most types of armour.
You have claws for hands.
Your natural rate of healing is unusually fast.
You are covered in fur. (AC +1)
You have tough skin. (AC +1)
You are partially covered in iridescent scales. (AC +2)
Your muscles are strong. (Str +4, Int/Dex -1)
You occasionally lose the ability to drink potions when taking damage.


Message History

You feel sick. The adder closely misses you. You block the adder's attack.
You completely miss the adder.
The adder is almost dead.
You feel sick.
You are no longer poisoned.
The adder bites you.
You are poisoned.
The adder poisons you! The adder closely misses you.
You barely miss the adder.
The adder is almost dead.
You feel very sick. The adder bites you.
You are more poisoned.
The adder poisons you!
You closely miss the adder.
The adder is almost dead.
You feel very sick. The adder bites you but does no damage.
The orc priest miscasts a cantrip.
The adder bites you but does no damage.
You hit the adder.
You kill the adder!
You feel very sick.
The orc priest looks satisfied for a moment.
You block the hobgoblin's attack.
Your Axes skill increases to level 3!
You barely miss the hobgoblin.
You feel sick.
The hobgoblin hits you but does no damage.
The orc priest calls down the wrath of Beogh upon you.
Beogh smites you!
* * * LOW HITPOINT WARNING * * *
You closely miss the hobgoblin.
You feel sick. You block the hobgoblin's attack.
The hobgoblin hits you but does no damage.
You hit the hobgoblin.
The hobgoblin is almost dead.
You feel sick. You block the hobgoblin's attack.
The orc priest mumbles some strange prayers to Beogh against you.
Beogh smites you!
You die...

#.......#
#.......#
#...<...#
####.#### #.#
##.# ###..#
#....#
#.....##@#
#.######g#
##o..##..
##..?..#.
#........
##....(..
.........# ####
........###./...
##.....oo.o...#


You could see an orc priest and a hobgoblin.

Vanquished Creatures
  Jessica (D:2)
  Terence (D:2)
  6 adders
  A worm (D:2)
  2 dart slugs (D:1)
  An orc (D:2)
  2 ball pythons (D:1)
  7 bats
  4 endoplasms
  6 hobgoblins
  4 kobolds
  2 quokkas
  3 goblins
  2 rats (D:1)
42 creatures vanquished.

Notes
Turn   | Place    | Note
-------+----------+-------------------------------------------
     0 | D:1      | Pixllover the Troll Fighter began the quest for the Orb.
     0 | D:1      | Reached XP level 1. HP: 22/22 MP: 0/0
    86 | D:1      | Reached XP level 2. HP: 28/29 MP: 1/1
   869 | D:2      | Noticed Jessica
   886 | D:2      | Killed Jessica
   887 | D:2      | Reached XP level 3. HP: 36/36 MP: 2/2
   910 | D:2      | Identified the +1 robe of a bailey {rElec Will+ Str+6
                  | Int-5}
   913 | D:2      | Noticed Terence
   922 | D:2      | Killed Terence
   923 | D:2      | Reached XP level 4. HP: 34/43 MP: 3/3
   960 | D:2      | Lost intelligence.
  1361 | D:2      | Found Ostry's Distillery.
  1369 | D:2      | Bought a potion of heal wounds for 50 gold pieces
  1388 | D:2      | Found a faded altar of an unknown god.
  1650 | D:3      | Gained mutation: You occasionally lose the ability to drink
                  | potions when taking damage. [potion of mutation]
  1650 | D:3      | Gained mutation: Your muscles are strong. (Str +4, Int/Dex
                  | -1) [potion of mutation]
  1650 | D:3      | Gained mutation: You are partially covered in iridescent
                  | scales. (AC +2) [potion of mutation]
  1676 | D:3      | Reached XP level 5. HP: 47/52 MP: 4/4
  1699 | D:3      | Killed from afar by an orc priest

Illustrated notes

Levels and vault maps discovered:
D:1:      saegor_arrival_simple_c, layout_loops_corners, serial_glass,
          glass_columns_a, glass_columns_a, glass_columns_c, glass_columns_b,
          glass_columns_b, glass_columns_a, glass_columns_c, glass_columns_a
D:2:      layout_loops_ring, serial_shops, shop,
          chequers_ecumenical_altar_island, minmay_tall_x, uniq_terence,
          uniq_jessica
D:3:      minmay_roachtagon, layout_rooms, uniq_robin, uniq_crazy_yiuf_cottage

Skill      XL: |  1  2  3  4  5 |
---------------+----------------+-----
Axes           | 2 3 |  3.0
Shields        | 3 |  3.4
Dodging        | 3 |  3.1
Fighting       | |  2.8
Stealth        | |  0.1

Action                     |  1- 3 |  4- 6 || total
---------------------------+-------+-------++-------
  Melee: War axe           |    65 |    98 ||   163
    Use: Potion            |       |     2 ||     2
 Armour: Robe              |    58 |    94 ||   152
  Dodge: Dodged            |    41 |    53 ||    94
  Block: Kite shield       |    31 |    71 ||   102

Table legend: (Time is in decaauts)
 A = Elapsed time spent in this place.
 B = Non-inter-level travel time spent in this place.
 C = Inter-level travel time spent in this place.
 D = Time resting spent in this place.
 E = Time spent auto-exploring this place.
 F = Levels seen in this place.
 G = Mean time per level.
                   A        B        C        D        E       F      G
               +--------+--------+--------+--------+--------+-----+--------+
         Total |   2134 |   2097 |     37 |      0 |   1276 |   3 |  711.3 |
       Dungeon |   2134 |   2097 |     37 |      0 |   1276 |   3 |  711.3 |
               +--------+--------+--------+--------+--------+-----+--------+

Top non-repeatable levels by time:
     D:2: 1131 daAuts
     D:1: 887 daAuts
     D:3: 115 daAuts
